 Dungeon Crawl Stone Soup version 0.17.0-23-g0de4337 (webtiles) character file.

130768 inmateoo the Bewitcher (level 16, -19/70 HPs)
             Began as a Felid Enchanter on Nov 13, 2015.
             Was the Champion of Dithmenos.
             Killed from afar by a shock serpent (26 damage)
             ... with a bolt of electricity
             ... on level 1 of the Snake Pit.
             The game lasted 02:13:07 (36290 turns).

inmateoo the Bewitcher (Felid Enchanter)           Turns: 36290, Time: 02:13:07

Health: -19/70     AC:  4    Str:  8    XL:     16   Next: 24%
Magic:  34/37      EV: 30    Int: 19    God:    Dithmenos [******]
Gold:   284        SH:  0    Dex: 23    Spells: 11 memorised, 3 levels left
                                        Lives:  0   Deaths: 4

rFire  . . .     SeeInvis +       - Unarmed
rCold  + + .     Clarity  .     (armour unavailable)
rNeg   . . .     SustAt   .     (shield unavailable)
rPois  .         Gourm    .     (helmet unavailable)
rElec  .         Spirit   .     (cloak unavailable)
rCorr  .         Warding  .     (gloves unavailable)
rMut   .         Stasis   .     (boots unavailable)
MR     +++..                    l - amulet of regeneration
Stlth  ++++++++++               t - ring of invisibility
                                p - ring "Ryogg" {rC+ MR+ MP+9 Str+4 Int+2}

@: wreathed by umbra, studying Unarmed Combat, quick, extremely resistant to
hostile enchantments, uncannily stealthy
A: no armour, no weapons or thrown items, claws 1, fangs 3, icy blue scales 1,
see invisible, carnivore 3, speed 1, low mp 1, sense surroundings 1, shaggy fur
3, slow metabolism 1, no device heal 1, sharp paws
a: Shadow Step, Shadow Form, Renounce Religion, Evoke Invisibility
}: 1/15 runes: decaying


You were on level 1 of the Snake Pit.
You worshipped Dithmenos.
Dithmenos was exalted by your worship.
You were full.

You visited 8 branches of the dungeon, and saw 35 of its levels.
You also visited: Trove and Ice Cave.

You collected 3563 gold pieces.
You spent 2905 gold pieces at shops.

Inventory:

Jewellery
 j - an uncursed amulet of resist mutation
 l - an amulet of regeneration (around neck)
 o - an uncursed ring of protection from fire
 p - the ring "Ryogg" (left paw) {rC+ MR+ MP+9 Str+4 Int+2}
   (You bought it in a shop on level 11 of the Dungeon)

   [ring of strength]

   It affects your strength (+4).
   It affects your intelligence (+2).
   It protects you from cold.
   It affects your resistance to hostile enchantments.
   It affects your magic capacity (+9).
 t - a ring of invisibility (right paw)
 E - a +4 ring of evasion
 M - a +4 ring of intelligence
 Q - the amulet "Xareqyuw" {rCorr Str-4 Slay+4, unknown}
   (You found it on level 1 of the Snake Pit)

   [amulet of resist corrosion]

   It protects you from acid and corrosion.
   It affects your strength (-4).
   It affects your accuracy and damage with ranged weapons and melee attacks
   (+4).
 T - the amulet of Xom's Wantonness {Stasis rElec MR+ Slay+5}
   (You found it in a treasure trove)

   [amulet of stasis]

   It prevents you from being teleported, slowed, hasted or paralysed.
   It affects your accuracy and damage with ranged weapons and melee attacks
   (+5).
   It insulates you from electricity.
   It affects your resistance to hostile enchantments.
Wands
 a - a wand of disintegration (6)
 c - a wand of teleportation (6)
 i - a wand of hasting (3)
 r - a wand of cold (0)
 y - a wand of confusion (18)
 z - a wand of teleportation (3)
 A - a wand of disintegration (0)
 G - a wand of paralysis (5)
 H - a wand of slowing (32)
 I - a wand of draining (4)
 J - a wand of cold (0)
 K - a wand of paralysis (10)
Scrolls
 d - 6 scrolls of fog
 m - 6 scrolls of recharging
 n - 6 scrolls of teleportation
 q - 19 scrolls of remove curse
 u - 2 scrolls of magic mapping
 C - a scroll of blinking
 D - 3 scrolls of amnesia
 F - a scroll of fear
 P - a scroll of brand weapon {unknown}
Potions
 e - a potion of haste
 f - 12 potions of curing
 g - a potion of resistance
 h - a potion of ambrosia
 k - a potion of heal wounds
 s - 4 potions of brilliance
 v - 3 potions of cancellation
 w - 4 potions of magic
 x - a potion of invisibility
 B - 2 potions of agility
 O - a potion of flight
Books
 L - a manual of Unarmed Combat
Miscellaneous
 N - a crystal ball of energy
Comestibles
 b - 11 meat rations


   Skills:
 - Level 8.4 Fighting
 - Level 10.5 Dodging
 - Level 16.3 Stealth
 + Level 15.7 Unarmed Combat
 - Level 11.1 Spellcasting
 - Level 16.8 Hexes
 - Level 7.0 Translocations
 + Level 14.8 Transmutations
 - Level 3.5 Ice Magic
 * Level 9.2 Evocations


You had 3 spell levels left.
You knew the following spells:

 Your Spells              Type           Power        Failure   Level  Hunger
a - Corona                Hex            ######.      0%          1    None
b - Ensorcelled Hibernat  Hex/Ice        #####.       1%          2    None
c - Confuse               Hex            ######..     1%          3    None
d - Dazzling Spray        Conj/Hex       #####...     1%          3    None
e - Tukima's Dance        Hex            ######..     1%          3    None
f - Blink                 Tloc           N/A          1%          2    None
g - Shroud of Golubria    Chrm/Tloc      ###.......   2%          2    None
h - Passage of Golubria   Tloc           N/A          4%          4    ##.....
i - Apportation           Tloc           #####.....   1%          1    None
j - Dragon Form           Trmt           ######....   14%         7    #######
k - Statue Form           Trmt/Erth      #####....    54%         6    ######.


Dungeon Overview and Level Annotations

Branches:
Dungeon (15/15)            Temple (1/1) D:5            Lair (8/8) D:11
  Swamp (4/4) Lair:5        Snake (1/4) Lair:4        Slime (0/6) Lair:7
    Orc (4/4) D:9             Elf (0/3) Orc:4        Depths (1/5) D:15
   Hell (1/1)
 Vaults: D:13-14        Dis: Hell:1         Geh: Hell:1         Coc: Hell:1
    Tar: Hell:1

Altars:
Ashenzari
Cheibriados
Dithmenos
Elyvilon
Gozag
Kikubaaqudgha
Makhleb
Nemelex Xobeh
Okawaru
Qazlal
Ru
Sif Muna
Trog
Vehumet
Xom
Yredelemnul
Zin
The Shining One

Shops:
D:11 =   Orc:4 %:[   Depths:1 *

Portals:
Hell: Lair:8 Depths:1
Pandemonium: Orc:4

Annotations:
D:6 Dowan, Duvessa
D:8 exclusions: 2 killer bees and spriggan
D:14 exclusion: 3 doors


Innate Abilities, Weirdness & Mutations

You cannot wear armour.
You are incapable of wielding weapons or throwing items.
You have sharp claws.
You have razor-sharp teeth.
You have supernaturally acute eyesight.
You are carnivorous and can eat meat at any time.
You cover ground quickly.
Your thick and shaggy fur keeps you warm (AC +3, rC+).
You have a slow metabolism.
Your sharp claws are effective at attacking unaware monsters.
You are partially covered in icy blue scales (AC +1).
Your magical capacity is low (-10% MP).
You passively map a small area around you.
Potions and wands are less effective at restoring your health.


Message History

The shock serpent completely misses you.
Drink which item? (? for menu, Esc to quit)
You feel much better. The shock serpent barely misses you.
Read which item? (? for menu, Esc to quit)
Okay, then.
Casting: Dazzling Spray
Confirm with . or Enter, or press ? or * to list all spells.
Aiming: Passage of Golubria
Press: ? - help, Dir - move target cursor The shock serpent completely misses you.
The shock serpent barely misses you.
The shock serpent shoots out a bolt of lightning at you!
The bolt of electricity misses you.
You enter the passage of Golubria.
There is a passage of Golubria here.
The shock serpent shoots out a bolt of lightning at you!
The bolt of electricity hits you!
* * * LOW HITPOINT WARNING * * *
You emit a cloud of dark smoke.
The bolt of electricity hits you!
You die...

#...†.......# #§#.# #.#
#....###.##.#§#§#§# #.# ....>#,
.....§§§§§# #####.# .##..#
*#####§#§### #.....# .##..#.*
#,#S# #.##### .....#.###### #.#
#.# .....#.....##.#^# #.#
.....#.....##.#§######.#
..##.#.....##..§@§§..#.#
.....#.....####§###.##.### ###
..............§§.........####.#
..............#..##........#
,###.##....#.##..#..####.####.#
.....##....#^##..#..# #.# #.#
.# #.............#..# #.# #.#
.###.#.##.##.#...#..# #.# #.#
.............#.###..# #.# #.#


You could see a shock serpent.

Vanquished Creatures
  Geryon (Hell)
  Rupert (Lair:8)
  A tentacled monstrosity (Swamp:3)
  Gastronok (Lair:2)
  A tengu reaver (Depths:1)
  Frances (D:12)
  Roxanne (Swamp:3)
  Donald (Swamp:2)
  3 very ugly things (Depths:1)
  4 stone giants (Depths:1)
  Nessos (D:14)
  A dire elephant (Lair:8)
  Snorg (Orc:1)
  Fannar (Lair:2)
  A catoblepas (Lair:5)
  A rakshasa (Depths:1)
  20 hydras
  An ice dragon (Depths:1)
  A juggernaut simulacrum (Depths:1)
  A naga warrior (Snake:1)
  2 ogre magi
  2 hell beasts
  3 ghost crabs
  A queen ant (Lair:5)
  A tengu warrior (D:15)
  A centaur warrior (D:15)
  9 alligators
  5 death yaks (Lair:8)
  The ghost of SaintRoka the Destroyer, a novice NaCj of Cheibriados (D:9)
  2 vampire magi (Depths:1)
  2 orc high priests (Orc:4)
  12 spriggans
  Nergalle (Lair:2)
  14 skeletal warriors
  An unseen horror (D:12)
  6 spriggan druids
  11 swamp dragons
  An orange crystal statue (Depths:1)
  A putrid demonspawn (Orc:4)
  7 hill giants
  A wolf spider zombie (D:13)
  4 shambling mangroves
  A harpy (shapeshifter) (Depths:1)
  A deep elf conjurer (D:14)
  30 ugly things
  A giant orange brain (Depths:1)
  5 orc knights
  4 wizards
  2 griffons
  5 orc sorcerers (Orc:4)
  7 elephants
  3 hornets
  3 sixfirhies (Orc:4)
  3 naga magi
  3 mana vipers (Snake:1)
  7 cyclopes
  A rust devil (Depths:1)
  8 black mambas
  An eye of devastation (Lair:7)
  2 centaur skeletons
  2 torpor snails
  A gargoyle (D:14)
  An efreet (D:13)
  2 orange demons (Lair:8)
  16 spiny frogs
  A smoke demon (Orc:4)
  6 komodo dragons
  A tengu conjurer (Depths:1)
  A hellwing (Lair:8)
  4 blue devils
  6 fire drakes
  2 red devils (Lair:8)
  2 trolls
  A queen bee (shapeshifter) (Depths:1)
  A polar bear (IceCv)
  Prince Ribbit (Lair:2)
  5 bog bodies
  4 giant leeches
  15 slime creatures
  38 blink frogs
  5 two-headed ogres
  3 shadows
  A trapdoor spider (D:14)
  A vampire (D:14)
  2 wraiths
  4 deep elf magi
  A basilisk (D:14)
  57 yaks
  A mottled dragon (D:15)
  30 vampire mosquitoes
  10 wolves
  4 humans (D:14)
  14 hippogriffs
  5 hungry ghosts
  12 insubstantial wisps
  3 wargs
  4 nagas (Snake:1)
  22 water moccasins
  10 porcupines
  23 swamp worms
  4 hell hounds
  2 sky beasts
  6 soldier ants (Lair:5)
  12 swamp drakes
  A black bear (D:13)
  20 ogres
  37 orc warriors
  19 wasps
  4 ice beasts
  20 centaurs
  A phantom (D:13)
  2 eyes of draining
  3 necrophages
  16 crocodiles
  5 big kobolds
  15 giant frogs
  A wyvern skeleton (D:10)
  4 scorpions
  21 killer bees
  18 wights
  5 electric eels
  2 centaur zombies
  9 crimson imps
  12 hounds
  2 gnoll shamans (D:11)
  3 iguanas
  29 orc priests
  5 giant frog skeletons
  2 jellies
  35 orc wizards
  Jessica (D:2)
  Terence (D:2)
  26 worker ants
  16 sheep
  2 hound zombies
  A worker ant zombie (D:6)
  15 gnolls
  45 river rats
  18 adders
  3 shadow imps
  11 white imps (D:11)
  An ooze (D:1)
  2 adder zombies (D:6)
  4 worms
  171 orcs
  13 bats
  7 giant cockroaches
  9 goblins
  6 hobgoblins
  8 jackals
  18 kobolds
  5 quokkas
  6 ball pythons
  6 giant geckos
  A giant gecko skeleton (D:4)
  4 giant newts
  5 rats
  A fungus (D:11)
  2 plants
1264 creatures vanquished.

Vanquished Creatures (collateral kills)
  2 orc high priests (Orc:4)
  2 infernal demonspawn (Orc:4)
  A putrid demonspawn (Orc:4)
  3 orc sorcerers (Orc:4)
  2 nagas (Snake:1)
  2 wargs
  9 orc warriors
  A swamp drake (D:9)
  A centaur (D:9)
  An ogre (Orc:2)
  9 orc priests
  4 orc wizards
  A worker ant (Lair:5)
  33 orcs
71 creatures vanquished.

Vanquished Creatures (others)
  An orc knight (Orc:4)
  A yak (IceCv)
  A vampire mosquito (Swamp:2)
  A wolf (IceCv)
  A white imp (D:11)
  3 orcs (D:9)
  A bush (Lair:7)
  16 fungi
  6 plants
31 creatures vanquished.

Grand Total: 1366 creatures vanquished

Notes
Turn   | Place    | Note
--------------------------------------------------------------
     0 | D:1      | inmateoo the Felid Enchanter began the quest for the Orb.
     0 | D:1      | Reached XP level 1. HP: 7/7 MP: 4/4
   303 | D:1      | Reached XP level 2. HP: 11/11 MP: 6/6
   322 | D:1      | Learned a level 2 spell: Ensorcelled Hibernation
   926 | D:1      | Reached XP level 3. HP: 14/14 MP: 3/7
  1155 | D:2      | Noticed Terence
  1227 | D:2      | Killed Terence
  1227 | D:2      | Reached skill level 5 in Hexes
  1397 | D:2      | Found a faded altar to an unknown god.
  1438 | D:2      | Found an opulent altar of Gozag.
  1438 | D:2      | Found a sparkling altar of Nemelex Xobeh.
  1636 | D:2      | Reached XP level 4. HP: 18/18 MP: 8/8
  1652 | D:2      | Noticed Jessica
  1662 | D:2      | Killed Jessica
  1662 | D:2      | Reached skill level 5 in Stealth
  1692 | D:2      | Found a sparkling altar of Nemelex Xobeh.
  2540 | D:3      | Reached XP level 5. HP: 17/21 MP: 6/9
  2614 | D:3      | Found a shattered altar of Ashenzari.
  2621 | D:3      | Learned a level 3 spell: Confuse
  2625 | D:3      | Learned a level 3 spell: Dazzling Spray
  3044 | D:4      | Found a burning altar of Makhleb.
  3062 | D:4      | Found a glowing silver altar of Zin.
  3063 | D:4      | Noticed an angel
  3063 | D:4      | Noticed a balrug
  3119 | D:4      | Reached skill level 6 in Stealth
  3543 | D:4      | Gained mutation: You are covered in thick fur (AC +2). [Felid growth]
  3543 | D:4      | Reached XP level 6. HP: 24/24 MP: 8/11
  3555 | D:5      | Entered Level 5 of the Dungeon
  3785 | D:5      | Found an ancient bone altar of Kikubaaqudgha.
  3924 | D:5      | Reached XP level 7. HP: 27/27 MP: 12/12
  3959 | D:5      | Found a sacrificial altar of Ru.
  3984 | D:5      | Reached skill level 7 in Stealth
  4009 | D:5      | Shot with an arrow by a centaur
  4010 | D:5      | Reached XP level 6. HP: -1/24 MP: 6/11
  4039 | D:5      | Found a staircase to the Ecumenical Temple.
  4088 | Temple   | Entered the Ecumenical Temple
  4114 | Temple   | Became a worshipper of Dithmenos the Shadowed
  4479 | D:6      | Reached XP level 7. HP: 27/27 MP: 11/13
  4481 | D:6      | Reached skill level 5 in Unarmed Combat
  4496 | D:6      | Noticed Duvessa
  4496 | D:6      | Noticed Dowan
  4687 | D:6      | Reached skill level 8 in Hexes
  4772 | D:6      | Found a burning altar of Makhleb.
  4780 | D:6      | Reached * piety under Dithmenos
  5371 | D:7      | Reached skill level 1 in Fighting
  5371 | D:7      | Reached XP level 8. HP: 32/32 MP: 0/14
  5542 | D:7      | Reached skill level 9 in Hexes
  6237 | D:8      | Learned a level 3 spell: Tukima's Dance
  6297 | D:8      | Reached XP level 9. HP: 37/37 MP: 11/16
  6360 | D:8      | Reached skill level 10 in Hexes
  6544 | D:8      | Reached ** piety under Dithmenos
  6626 | D:8      | Reached skill level 10 in Stealth
  7214 | D:9      | Reached skill level 5 in Dodging
  7222 | D:9      | Gained mutation: Your magical capacity is low (-10% MP). [mutagenic meat]
  7280 | D:9      | Reached skill level 5 in Spellcasting
  7308 | D:9      | Reached skill level 11 in Hexes
  7334 | D:9      | Reached XP level 10. HP: 24/42 MP: 7/17
  7463 | D:9      | Noticed SaintRoka's ghost (novice NaCj)
  7501 | D:9      | Killed SaintRoka's ghost
  7981 | D:10     | Entered Level 10 of the Dungeon
  8191 | D:10     | Noticed a hill giant
  8206 | D:10     | Killed a hill giant
  8206 | D:10     | Reached skill level 12 in Hexes
  8217 | D:10     | Reached *** piety under Dithmenos
  8610 | D:11     | Reached skill level 1 in Ice Magic
  8681 | D:11     | Found Holaikel's Jewellery Emporium.
  8689 | D:11     | Bought the ring "Ryogg" {rC+ MR+ MP+9 Str+4 Int+2} for 711 gold pieces
  8803 | D:11     | Found a frozen archway.
  8966 | D:11     | Noticed a brown ugly thing
  8969 | IceCv    | Entered an ice cave
  9080 | IceCv    | Noticed Uberwunderbarhen's ghost (journeyman OpFi)
  9095 | IceCv    | HP: 1/43 [Uberwunderbarhen's ghost (16)]
  9147 | D:11     | Noticed a purple ugly thing
  9178 | D:11     | Killed a brown ugly thing
  9178 | D:11     | Reached XP level 11. HP: 23/46 MP: 15/18
  9187 | D:11     | Killed a purple ugly thing
  9193 | D:11     | Gained mutation: Your flesh is cold resistant. [mutagenic meat]
  9194 | D:11     | Gained mutation: You are dopey. (Int -2) [mutagenic meat]
  9195 | D:11     | Gained mutation: Your spells are a little harder to cast, but a little more powerful. [mutagenic meat]
  9394 | D:11     | Mangled by a very large slime creature
  9395 | D:11     | Reached XP level 10. HP: -8/43 MP: 10/26
  9556 | D:11     | Reached **** piety under Dithmenos
  9858 | D:11     | Noticed a cyclops
  9858 | D:11     | Found a staircase to the Lair.
  9995 | D:11     | Reached skill level 13 in Hexes
 10006 | D:11     | Reached skill level 5 in Fighting
 10309 | D:11     | Reached XP level 11. HP: 38/47 MP: 19/19
 10424 | D:11     | Noticed a red ugly thing
 10431 | D:11     | Killed a red ugly thing
 10435 | D:11     | Lost mutation: Your spells are a little harder to cast, but a little more powerful. [mutagenic meat]
 10436 | D:11     | Gained mutation: You are frail (-10% HP). [mutagenic meat]
 10461 | D:11     | Killed a cyclops
 10601 | Lair:1   | Entered Level 1 of the Lair of Beasts
 11300 | Lair:2   | Noticed Prince Ribbit
 11303 | Lair:2   | Killed Prince Ribbit
 11391 | Lair:2   | Noticed Gastronok
 11399 | Lair:2   | Killed Gastronok
 11399 | Lair:2   | Reached skill level 10 in Unarmed Combat
 11611 | Lair:2   | You fall through a shaft for 2 floors!
 11614 | Lair:4   | Found a staircase to the Snake Pit.
 11644 | Lair:4   | Reached ***** piety under Dithmenos
 11644 | Lair:4   | Reached skill level 14 in Hexes
 11659 | Lair:4   | Gained mutation: Your thick and shaggy fur keeps you warm (AC +3, rC+). [Felid growth]
 11659 | Lair:4   | Reached XP level 12. HP: 46/46 MP: 21/21
 12096 | Lair:4   | Identified a scroll of acquirement
 12101 | Lair:4   | Learned a level 2 spell: Blink
 12104 | Lair:4   | Learned a level 2 spell: Shroud of Golubria
 12109 | Lair:4   | Learned a level 4 spell: Passage of Golubria
 12111 | Lair:4   | Learned a level 1 spell: Apportation
 12509 | Lair:3   | Noticed a four-headed hydra
 12518 | Lair:3   | Killed a four-headed hydra
 12518 | Lair:3   | Reached skill level 1 in Translocations
 12638 | Lair:3   | Noticed a six-headed hydra
 12672 | Lair:3   | Killed a six-headed hydra
 13600 | Lair:5   | Found a staircase to the Swamp.
 14411 | Lair:7   | Found a staircase to the Slime Pits.
 15028 | Lair:6   | Reached skill level 15 in Hexes
 15093 | Lair:6   | Reached XP level 13. HP: 44/51 MP: 12/22
 15531 | Lair:7   | Noticed a six-headed hydra
 15536 | Lair:7   | Killed a six-headed hydra
 15878 | Lair:7   | Reached skill level 15 in Stealth
 16429 | Lair:8   | Entered Level 8 of the Lair of Beasts
 16534 | Lair:8   | Reached skill level 5 in Translocations
 16568 | Lair:8   | Reached ****** piety under Dithmenos
 16604 | Lair:8   | Noticed Rupert
 16617 | Lair:8   | Killed Rupert
 16617 | Lair:8   | Reached skill level 16 in Hexes
 16705 | Lair:8   | Reached skill level 10 in Dodging
 16710 | Lair:8   | HP: 2/52 [griffon (6)]
 16799 | Lair:8   | Noticed a dire elephant
 17137 | Lair:8   | Reached XP level 14. HP: 55/55 MP: 23/24
 17213 | Lair:8   | Killed a dire elephant
 17977 | Lair:8   | Found a burning altar of Makhleb.
 18055 | Lair:8   | Found a gateway to Hell.
 18074 | Lair:8   | Lost mutation: Your magical capacity is low (-10% MP). [potion of cure mutation]
 18074 | Lair:8   | Lost mutation: You are dopey. (Int -2) [potion of cure mutation]
 18074 | Lair:8   | Lost mutation: You are frail (-10% HP). [potion of cure mutation]
 18074 | Lair:8   | Lost mutation: Your flesh is cold resistant. [potion of cure mutation]
 18171 | Hell     | Entered the Vestibule of Hell
 18171 | Hell     | Noticed Geryon
 18321 | Lair:5   | Noticed a catoblepas
 18342 | Lair:5   | Killed a catoblepas
 18351 | Lair:5   | Hired Baonafog the merfolk for 296 gold.
 18382 | Lair:2   | Noticed Nergalle
 18382 | Lair:2   | Noticed Fannar
 18388 | Lair:2   | Killed Nergalle
 18396 | Lair:2   | Killed Fannar
 19031 | D:9      | Found a staircase to the Orcish Mines.
 19142 | Orc:1    | Entered Level 1 of the Orcish Mines
 19393 | Orc:3    | Learned a level 7 spell: Dragon Form
 19644 | Orc:3    | Reached skill level 1 in Transmutations
 19991 | Orc:4    | Entered Level 4 of the Orcish Mines
 21266 | Orc:1    | Found a bloodstained altar of Trog.
 21266 | Orc:1    | Noticed Snorg
 21267 | Orc:1    | Killed Snorg
 21496 | Orc:4    | Found a staircase to the Elven Halls.
 21982 | Orc:4    | Found Figiha's Distillery.
 22038 | Orc:4    | Found Calyucli's Food Shop.
 22249 | Orc:4    | Bought a potion of invisibility for 112 gold pieces
 22249 | Orc:4    | Bought a potion of resistance for 140 gold pieces
 22249 | Orc:4    | Bought a potion of haste for 140 gold pieces
 22249 | Orc:4    | Bought 2 potions of magic for 224 gold pieces
 22249 | Orc:4    | Bought a potion of curing for 42 gold pieces
 22249 | Orc:4    | Bought a potion of curing for 42 gold pieces
 22249 | Orc:4    | Bought a potion of invisibility for 112 gold pieces
 22249 | Orc:4    | Bought a potion of curing for 42 gold pieces
 22252 | Orc:4    | Bought 2 potions of flight for 84 gold pieces
 22252 | Orc:4    | Bought a potion of lignification for 42 gold pieces
 22350 | Orc:4    | Reached skill level 5 in Transmutations
 22660 | Orc:4    | Found Kantef's Antique Armour Emporium.
 22660 | Orc:4    | Found a one-way gate leading to the halls of Pandemonium.
 22660 | Orc:4    | Found Riqofuuj's Book Shoppe.
 23355 | D:12     | Reached XP level 15. HP: 66/66 MP: 28/28
 23577 | D:12     | Noticed Frances
 23579 | D:12     | Killed Frances
 24293 | D:13     | Gained mutation: You are clumsy. (Dex -2) [mutagenic meat]
 24294 | D:13     | Gained mutation: You are partially covered in rough black scales (AC +4, Dex -1). [mutagenic meat]
 24295 | D:13     | Gained mutation: You are somewhat resistant to further mutation. [mutagenic meat]
 24558 | D:14     | Found an iron altar of Okawaru.
 24820 | D:14     | Noticed Nessos
 24835 | D:14     | Killed Nessos
 25406 | D:14     | Gained mutation: You tend to lose your temper in combat. [mutagenic meat]
 25407 | D:14     | Gained mutation: You have a pair of small antennae on your head. [mutagenic meat]
 25671 | D:15     | Entered Level 15 of the Dungeon
 25755 | D:15     | Reached skill level 10 in Transmutations
 26275 | D:15     | Found a staircase to the Depths.
 26403 | D:15     | Reached skill level 10 in Spellcasting
 26666 | D:15     | Gained mutation: You are very clumsy. (Dex -4) [mutagenic meat]
 27163 | D:15     | Reached XP level 16. HP: 70/70 MP: 2/31
 27338 | Depths:1 | Entered Level 1 of the Depths
 27377 | D:15     | Gained mutation: Your body sometimes deteriorates upon taking damage. [mutagenic meat]
 27379 | D:15     | Lost mutation: Your body sometimes deteriorates upon taking damage. [potion of cure mutation]
 27379 | D:15     | Lost mutation: You are very clumsy. (Dex -4) [potion of cure mutation]
 27379 | D:15     | Lost mutation: You tend to lose your temper in combat. [potion of cure mutation]
 27379 | D:15     | Lost mutation: You are somewhat resistant to further mutation. [potion of cure mutation]
 27379 | D:15     | Lost mutation: You are clumsy. (Dex -2) [potion of cure mutation]
 27379 | D:15     | Lost mutation: You have a pair of small antennae on your head. [potion of cure mutation]
 27379 | D:15     | Lost mutation: You are partially covered in rough black scales (AC +4, Dex -1). [potion of cure mutation]
 27407 | Depths:1 | Gained mutation: You occasionally shout uncontrollably at your foes. [mutagenic meat]
 27409 | Depths:1 | Gained mutation: You possess an exceptional clarity of mind. [mutagenic meat]
 27527 | Depths:1 | Gained mutation: You sometimes yell uncontrollably at your foes. [mutagenic meat]
 27528 | Depths:1 | Gained mutation: You passively map a small area around you. [mutagenic meat]
 27529 | Depths:1 | Gained mutation: You can spit weak poison. [mutagenic meat]
 27530 | Depths:1 | Gained mutation: You have a pair of small antennae on your head. [mutagenic meat]
 27531 | Depths:1 | Lost mutation: You sometimes yell uncontrollably at your foes. [mutagenic meat]
 27532 | Depths:1 | Gained mutation: You are weak. (Str -2) [mutagenic meat]
 27533 | Depths:1 | Lost mutation: You possess an exceptional clarity of mind. [mutagenic meat]
 27535 | Depths:1 | Gained mutation: You are clumsy. (Dex -2) [mutagenic meat]
 27536 | Depths:1 | Lost mutation: You can spit weak poison. [mutagenic meat]
 27537 | Depths:1 | Lost mutation: You occasionally shout uncontrollably at your foes. [potion of cure mutation]
 27537 | Depths:1 | Lost mutation: You are clumsy. (Dex -2) [potion of cure mutation]
 27537 | Depths:1 | Lost mutation: You are weak. (Str -2) [potion of cure mutation]
 27537 | Depths:1 | Lost mutation: You have a pair of small antennae on your head. [potion of cure mutation]
 27559 | Depths:1 | Found a portal to a secret trove of treasure.
 27673 | Depths:1 | Found Wauk's Assorted Antiques.
 27909 | Depths:1 | Slain by a juggernaut simulacrum
 27910 | Depths:1 | Reached XP level 15. HP: -2/66 MP: 39/39
 28436 | Hell     | Killed Geryon
 28505 | Depths:1 | You paid a toll of the horn of Geryon to enter a treasure trove
 28506 | Trove    | Entered a treasure trove
 28514 | Trove    | Got a warped glass ring
 28530 | Trove    | Got a clouded emerald amulet
 28540 | Trove    | Got a glittering platinum ring
 28542 | Trove    | Got a clouded glass ring
 28736 | Lair:1   | Identified the ring of the Tempest {Wiz Str+4} (You found it in a treasure trove)
 28737 | Lair:1   | Identified the amulet of Xom's Wantonness {Stasis rElec MR+ Slay+5} (You found it in a treasure trove)
 28738 | Lair:1   | Identified the ring "Iceshisk" {+Fly rC+} (You found it in a treasure trove)
 28740 | Lair:1   | Identified the cursed ring of Ydghu {rElec MP+9 Int-6} (You found it in a treasure trove)
 28956 | Swamp:1  | Entered Level 1 of the Swamp
 29709 | Swamp:1  | Slain by an eight-headed hydra
 29710 | Swamp:1  | Reached XP level 14. HP: -3/63 MP: 25/39
 30114 | Swamp:1  | Reached skill level 1 in Evocations
 30403 | Swamp:2  | Reached XP level 15. HP: 67/67 MP: 31/31
 30408 | Swamp:2  | Noticed Donald
 30519 | Swamp:2  | Killed Donald
 30783 | Swamp:2  | You fall through a shaft!
 30783 | Swamp:3  | Noticed Roxanne
 30819 | Swamp:3  | Gained mutation: Your magical capacity is low (-10% MP). [potion of mutation]
 30819 | Swamp:3  | Gained mutation: You are partially covered in icy blue scales (AC +1). [potion of mutation]
 30819 | Swamp:3  | Gained mutation: You are frail (-10% HP). [potion of mutation]
 30820 | Swamp:3  | Gained mutation: Potions and wands are less effective at restoring your health. [potion of mutation]
 30820 | Swamp:3  | Lost mutation: You are frail (-10% HP). [potion of mutation]
 30839 | Swamp:3  | Reached skill level 15 in Unarmed Combat
 31011 | Swamp:3  | Noticed a tentacled monstrosity
 31014 | Swamp:3  | Killed a tentacled monstrosity
 31336 | Swamp:3  | Reached skill level 5 in Evocations
 31817 | Swamp:4  | Entered Level 4 of the Swamp
 32377 | Swamp:3  | Paralysed by a wasp for 1 turns
 33192 | Swamp:4  | Got a decaying rune of Zot
 33792 | Swamp:4  | Reached XP level 16. HP: 70/70 MP: 9/28
 34367 | Swamp:3  | Killed Roxanne
 34369 | Swamp:3  | Identified Roxanne's Collected Works on Ashen Changing (You took it off Roxanne on level 3 of the Swamp)
 34380 | Swamp:3  | Learned a level 6 spell: Statue Form
 35154 | Orc:4    | Bought a manual of Unarmed Combat for 1214 gold pieces
 35628 | Snake:1  | Entered Level 1 of the Snake Pit
 35819 | Snake:1  | Got a twitching golden amulet
 36290 | Snake:1  | Killed from afar by a shock serpent

Action                   |  1- 3 |  4- 6 |  7- 9 | 10-12 | 13-15 | 16-18 || total
-------------------------+-------+-------+-------+-------+-------+-------++-------
Melee: Unarmed           |    67 |   162 |   177 |   680 |  1205 |   140 ||  2431
 Cast: Ensorcelled Hiber |    23 |    30 |    22 |    84 |    94 |     9 ||   262
       Corona            |       |     1 |       |       |       |       ||     1
       Confuse           |       |     6 |    45 |   101 |   122 |    15 ||   289
       Dazzling Spray    |       |       |     1 |    41 |   391 |    53 ||   486
       Dragon Form       |       |       |       |       |    15 |     1 ||    16
       Passage of Golubr |       |       |       |       |    23 |     2 ||    25
       Shroud of Golubri |       |       |       |       |     4 |     1 ||     5
       Tukima's Dance    |       |       |       |       |       |     2 ||     2
Invok: Shadow Step       |       |       |       |     2 |    15 |     2 ||    19
 Abil: Evoke Invisibilit |       |       |       |       |     4 |       ||     4
       End Transformatio |       |       |       |       |     1 |       ||     1
Evoke: Wand              |       |     3 |     2 |     2 |    13 |     2 ||    22
       Deck              |       |       |       |       |     8 |       ||     8
  Use: Scroll            |     5 |     7 |     6 |    10 |    16 |       ||    44
       Potion            |       |       |     4 |     4 |    20 |     6 ||    34
 Stab: Sleeping          |    27 |    37 |    44 |   106 |   240 |    24 ||   478
       Confused          |       |     6 |    23 |    55 |    53 |    10 ||   147
       Paralysed         |       |       |     1 |       |       |       ||     1
       Invisible         |       |       |     4 |    16 |    64 |     9 ||    93
       Distracted        |       |       |     1 |     8 |     9 |       ||    18
  Eat: Chunk             |     7 |     7 |     9 |    29 |    63 |    21 ||   136
       Pizza             |       |       |       |     1 |     2 |       ||     3
       Royal jelly       |       |       |       |     1 |     5 |       ||     6
       Beef jerky        |       |       |       |       |     2 |     5 ||     7
       Meat ration       |       |       |       |       |       |     1 ||     1
